 Dungeon Crawl Stone Soup version 0.26.0-16-gc1dbca0489 (webtiles) character file.

Game seed: 13530769020674268562

410 trckry the Ruffian (level 6, 0/41 (47) HPs)
             Began as a Draconian Transmuter on Jan 17, 2021.
             Slain by a wight
             ... wielding a +0 war axe
              (10 damage)
             ... on level 3 of the Dungeon.
             The game lasted 00:06:59 (4324 turns).

trckry the Ruffian (Draconian Transmuter)           Turns: 4324, Time: 00:07:00

HP:   0/41 (47)     AC:  6    Str: 13    XL:     6   Next: 58%
MP:   9/9           EV: 12    Int: 15    God:
Gold: 129           SH:  0    Dex: 11    Spells: 6/9 levels left

rFire    . . .     SeeInvis .     - Unarmed
rCold    . . .     Faith    .   (no shield)
rNeg     . . .     Spirit   .   (armour unavailable)
rPois    .         Reflect  .   (helmet currently unavailable)
rElec    .         Harm     .   (no cloak)
rCorr    .         Rampage  .   (no gloves)
Will     .....                  (boots currently unavailable)
Stlth    +.........             (no amulet)
HPRegen  0.13/turn              (no ring)
MPRegen  0.11/turn              (no ring)

@: appendages (expiring), wereblooded (expiring), heavily drained
A: unfitting armour, horns 2, talons 2, cold-blooded, AC +6
a: End Transformation


You were on level 3 of the Dungeon.
You had grown temporary horns.
You had grown temporary talons.
You visited 1 branch of the dungeon, and saw 3 of its levels.
You also visited: Sewer.

You collected 129 gold pieces.

Inventory:

Missiles
 j - 8 poisoned darts
Jewellery
 i - an uncursed ring of protection from fire {unknown}
Scrolls
 a - a scroll of fear {unknown}
 d - 4 scrolls of teleportation {unknown}
 e - a scroll of amnesia {unknown}
 f - 4 scrolls of identify {unknown}
 g - 5 scrolls of remove curse {unknown}
 h - 2 scrolls of blinking {unknown}
Potions
 b - a potion of might {unknown}
 c - 3 potions of curing {unknown}
 k - 2 potions of flight {unknown}
 l - a potion of heal wounds {unknown}


   Skills:
 - Level 1.1 Fighting
 - Level 1.7 Dodging
 * Level 5.7 Unarmed Combat
 - Level 2.0 Spellcasting
 * Level 5.2 Transmutations


You had 6 spell levels left.
You knew the following spells:

 Your Spells              Type           Power        Failure   Level
a - Beastly Appendage     Tmut           34%          2%          1
b - Wereblood             Tmut           17%          4%          2

Your spell library contained the following spells:

 Spells                   Type           Power        Failure   Level
 Spider Form              Tmut/Pois      4%           22%         3
 Ice Form                 Ice/Tmut       9%           58%         4
 Blade Hands              Tmut           8%           58%         5


Dungeon Overview and Level Annotations

Branches:
Dungeon (3/15)              Sewer (visited)

Altars:
Hepliaklqana
Nemelex Xobeh
Qazlal
Trog
Zin

Shops:
D:2 *


Innate Abilities, Weirdness & Mutations

Your plain brown scales are hard. (AC +6)
You cannot fit into any form of body armour.
You are cold-blooded and may be slowed by cold attacks.
You have a pair of horns on your head.
You have razor-sharp toenails.


Message History

You hit the wight. You headbutt the wight.
You destroy the wight!
Your transformation is almost over.
You hit the wight but do no damage. The wight barely misses you.
You punch the wight!
The wight is moderately damaged.
The wight closely misses you.
You closely miss the wight. You claw the wight.
The wight is heavily damaged.
The wight misses you. The wight barely misses you.
You closely miss the wight.
The wight is heavily damaged.
The wight hits you with a +0 war axe.
* * * LOW HITPOINT WARNING * * *
Your primal bloodlust is almost over.
You howl as the wereblood boils in your veins!
You barely miss the wight. Your headbutt misses the wight.
The wight is heavily damaged.
The wight hits you with a +0 war axe!
You die...

...#
###...#####.#.###########
.##### #.......# #.#.#
.....# #....>..# #.#.#
.....# #.......# #.#.#
.....# #.......# ########
.....# #.......# §§§§
.....# ####....# §§§§§
.....# ##...####§§§§§§
.....# ##..@z.#§§§§§§
'##### #..##z######§ .#
####......_#8 ## .#######
####..######§ #. .......#
#z)z..#§§§§§§ ## ########
#z#####§§§§§§ #. §§§§§§
#. §§§§§ #z #####


You could see 2 wights.

Vanquished Creatures
  A big kobold (Sewer)
  2 wights (D:3)
  2 orc priests (D:3)
  An orc wizard (D:3)
  A worker ant (D:2)
  2 adders
  A river rat (Sewer)
  3 oozes
  3 worms
  3 dart slugs
  4 leopard geckos
  11 orcs (D:3)
  2 giant cockroaches (D:2)
  3 goblins
  6 hobgoblins
  2 jackals (Sewer)
  2 quokkas (D:3)
  8 bats
  6 frilled lizards
  9 kobolds
  19 rats
91 creatures vanquished.

Notes
Turn   | Place    | Note
-------+----------+-------------------------------------------
     0 | D:1      | trckry the Draconian Transmuter began the quest for the
                  | Orb.
     0 | D:1      | Reached XP level 1. HP: 16/16 MP: 3/3
   235 | D:1      | Reached XP level 2. HP: 16/23 MP: 5/5
   248 | D:1      | Learned a level 2 spell: Wereblood
   700 | D:1      | Reached XP level 3. HP: 25/28 MP: 6/6
  1078 | D:2      | Found a hazy altar of Hepliaklqana.
  1285 | D:2      | Found Zin's Purification Station.
  1298 | D:2      | Found a glowing silver altar of Zin.
  1349 | D:2      | Reached XP level 4. HP: 35/35 MP: 7/7
  1349 | D:2      | Found a bloodstained altar of Trog.
  1718 | D:2      | Found a sparkling altar of Nemelex Xobeh.
  2267 | D:3      | Found a glowing drain.
  2413 | Sewer    | Entered a sewer
  2740 | Sewer    | Noticed a big kobold
  2747 | Sewer    | Reached XP level 5. HP: 39/40 MP: 5/8
  2928 | Sewer    | Found a white marble altar of Elyvilon.
  3117 | D:3      | Reached skill level 5 in Unarmed Combat
  3436 | D:3      | Reached XP level 6. HP: 11/47 MP: 6/9
  4286 | D:3      | Found a stormy altar of Qazlal.
  4306 | D:3      | Reached skill level 5 in Transmutations
  4324 | D:3      | Slain by a wight

Illustrated notes

Levels and vault maps discovered:
D:1:      dpeg_arrival_pits, layout_basic
D:2:      layout_basic, nzn_hepliaklqana_mist_gate, zin_purify,
          old_standard_altar, nicolae_overflow_hidden_temple
D:3:      layout_basic, nicolae_qazlal_eye_of_the_storm, marbit_many_paths,
          portal_sewer_entry_d

Skill      XL: |  1  2  3  4  5  6 |
---------------+-------------------+-----
Transmutations | 3 4 5 |  5.2
Unarmed Combat | 4 5 |  5.7
Fighting       | |  1.1
Dodging        | |  1.7
Spellcasting   | |  2.0

Action                   |  1- 3 |  4- 6 || total
-------------------------+-------+-------++-------
Melee: Unarmed           |   117 |   168 ||   285
       Punch             |     3 |     5 ||     8
       Tailslap          |    12 |    18 ||    30
       Kick              |     5 |    25 ||    30
       Headbutt          |     2 |    20 ||    22
 Cast: Beastly Appendage |     5 |    17 ||    22
       Wereblood         |       |     6 ||     6
 Stab: Sleeping          |     1 |     1 ||     2
Armor: Skin              |    32 |    25 ||    57
Dodge: Dodged            |    95 |    74 ||   169
